 Dungeon Crawl Stone Soup version 0.20-a0-689-g860b9ab (webtiles) character file.

74 Alarkh the Magician (level 4, -5/33 HPs)
             Began as a Mummy Skald on Feb 19, 2017.
             Killed from afar by an orc wizard (15 damage)
             ... with a puff of flame
             ... on level 2 of the Dungeon.
             The game lasted 00:03:38 (2165 turns).

Alarkh the Magician (Mummy Skald)                   Turns: 2165, Time: 00:03:39

Health: -5/33      AC:  3    Str: 14    XL:     4   Next: 10%
Magic:  4/9        EV: 11    Int: 13    God:
Gold:   62         SH:  0    Dex: 11    Spells: 3/9 levels left

rFire    x . .     SeeInvis .   a - +0 falchion
rCold    + . .     Gourm    .   j - +0 leather armour
rNeg     + + +     Faith    .   (no shield)
rPois    ∞         Spirit   .   (no helmet)
rElec    .         Reflect  .   (no cloak)
rCorr    .         Harm     .   (no gloves)
MR       .....                  (no boots)
Stlth    +.........             (no amulet)
Regen    0.2/turn               (no ring)
MPRegen  0.2/turn               (no ring)

@: infused
A: no food or potions, fire vulnerability, cold resistance 1, negative energy
resistance 3, torment resistance, unbreathing
a: no special abilities


You were on level 2 of the Dungeon.
You were not hungry.

You visited 1 branch of the dungeon, and saw 3 of its levels.

You collected 62 gold pieces.

Inventory:

Hand Weapons
 a - a +0 falchion (weapon)
 b - a +1 short sword of flaming
Armour
 j - a +0 leather armour (worn)
Scrolls
 d - a scroll of teleportation
 e - a scroll of identify
 f - 2 scrolls of remove curse
 g - a scroll of magic mapping {unknown}
 h - a scroll of blinking {unknown}
 i - a scroll of immolation {unknown}
Books
 c - a book of Battle

   Spells                             Type                      Level
   a - Infusion                       Charms                       1
   b - Shroud of Golubria             Charms/Translocation         2
   c - Song of Slaying                Charms                       2
   d - Spectral Weapon                Hexes/Charms                 3
   e - Regeneration                   Charms/Necromancy            3


   Skills:
 - Level 2.0 Fighting
 * Level 2.9 Long Blades
 - Level 0.7 Armour
 - Level 1.5 Dodging
 + Level 3.4 Spellcasting
 + Level 2.8 Charms


You had 3 spell levels left.
You knew the following spells:

 Your Spells              Type           Power        Failure   Level  Hunger
a - Infusion              Chrm           #...         12%         1    N/A
c - Spectral Weapon       Hex/Chrm       #.......     54%         3    N/A
e - Shroud of Golubria    Chrm/Tloc      #.........   28%         2    N/A

Dungeon Overview and Level Annotations

Branches:
Dungeon (3/15)

Altars:


Innate Abilities, Weirdness & Mutations

You do not eat or drink.
Your flesh is vulnerable to fire.
You are immune to poison.
Your flesh is cold resistant. (rC+)
You are immune to negative energy. (rN+++)
You are immune to unholy pain and torment.
You can survive without breathing.


Message History

The orc wizard closely misses you.
The orc wizard gestures at you while chanting.
The puff of flame hits you! The fire burns you terribly!
You miss the orc wizard.
The orc wizard is severely wounded.
The orc wizard completely misses you.
You completely miss the orc wizard.
The orc wizard is severely wounded.
The orc wizard hits you but does no damage.
The orc wizard gestures at you while chanting.
The magic dart hits you!
You feel less confused.
The orc wizard gestures wildly while chanting.
The orc wizard flickers and vanishes!
Deactivating autopickup; reactivate with Ctrl-A.
You see here a stone.
You hear some strange, mumbled words.
A puff of flame appears from out of thin air!
The puff of flame hits you! The fire burns you terribly!
You die...

...##.###..#######..........##
.###..# ##.#................#
.###.#####...#####..........#
.....##.....## ####.##..####
..##.....##.#####........# #####
.###.....##..#....#..###.####..!.
.........###...#...>..........###
.........###..##(.(............##
...#..##........@#............###
##..#..#........##.....(..≈≈..# #
##.##.#.....<.###.......≈..≈.###
#.......##...##≈...≈≈..≈..≈≈≈##
###.......#...#≈≈..≈..≈..≈..≈≈≈#
##....#....#..>#≈≈..≈..≈⌠.≈...≈≈#
...####........#≈≈(..≈.⌠≈..≈..≈≈#
.####.......#..#≈≈≈..≈..≈..≈..≈≈#
## ##.##..#....##≈≈≈..≈..≈≈...≈##


There were no monsters in sight!

Vanquished Creatures
  2 adders
  2 worms (D:2)
  A dart slug (D:1)
  2 leopard geckos (D:2)
  An orc (D:3)
  7 bats
  A giant cockroach (D:3)
  5 goblins
  4 hobgoblins
  2 quokkas
  5 frilled lizards
  8 kobolds
  3 rats
43 creatures vanquished.

Notes
Turn   | Place    | Note
-------+----------+-------------------------------------------
     0 | D:1      | Alarkh the Mummy Skald began the quest for the Orb.
     0 | D:1      | Reached XP level 1. HP: 16/16 MP: 4/4
   327 | D:1      | Reached XP level 2. HP: 15/22 MP: 2/5
   688 | D:1      | Reached XP level 3. HP: 13/27 MP: 0/7
   692 | D:1      | Learned a level 2 spell: Shroud of Golubria
   696 | D:1      | Learned a level 3 spell: Spectral Weapon
   941 | D:2      | Reached skill level 3 in Spellcasting
  1885 | D:3      | Reached XP level 4. HP: 30/33 MP: 1/8
  2165 | D:2      | Killed from afar by an orc wizard

Vault maps used:
D:1:      nagdon_arrival_double_spiral
D:2:      cheibrodos_helix_gallery
D:3:      evilmike_ruin_ashenzari

Skill      XL: |  1  2  3 |
---------------+----------+-----
Long Blades    | 2 |  2.9
Spellcasting   | 3 |  3.4
Fighting       | |  2.0
Armour         | |  0.7
Dodging        | |  1.5
Charms         | |  2.8

Action                   |  1- 3 |  4- 6 || total
-------------------------+-------+-------++-------
Melee: Falchion          |    93 |    18 ||   111
 Cast: Infusion          |    29 |     4 ||    33
       Shroud of Golubri |       |     1 ||     1
  Use: Scroll            |     2 |       ||     2
Armor: Leather armour    |    26 |     6 ||    32
Dodge: Dodged            |    66 |    11 ||    77
       Rpst.: Falchion   |    17 |     4 ||    21
